 Dungeon Crawl Stone Soup version 0.29.1-15-g9cfb28693d (webtiles) character file.

Game seed: 6675622914892572915

221 jtron the Shield-Bearer (level 5, 0/64 HPs)
             Began as a Gnoll Wanderer on Mar 21, 2023.
             Slain by an adder (3 damage)
             ... on level 4 of the Dungeon.
             The game lasted 00:06:54 (3497 turns).

jtron the Shield-Bearer (Gnoll Wanderer)            Turns: 3497, Time: 00:06:55

Health: 0/64       AC:  8    Str:  8    XL:     5   Next: 98%
Magic:  9/12       EV: 12    Int: 14    God:
Gold:   269        SH:  6    Dex: 14    Spells: 8/14 levels left

rFire   . . .      SeeInvis .   a - +1 dagger (drain)
rCold   . . .      Faith    .   e - +0 buckler {AC+3}
rNeg    . . .      Spirit   .   d - +0 robe
rPois   .          Reflect  .   (no helmet)
rElec   .          Harm     .   n - +0 cloak
rCorr   .          Rampage  .   k - +0 pair of gloves
Will    .....                   o - +0 pair of boots
Stlth   ..........              (no amulet)
HPRegen 0.20/turn               (no ring)
MPRegen 0.13/turn               (no ring)

@: mighty, berserking, very slightly contaminated, very quick
A: fangs 1, strong nose, distributed training
a: no special abilities


You were on level 4 of the Dungeon.
You visited 1 branch of the dungeon, and saw 4 of its levels.

You collected 269 gold pieces.

Inventory:

Hand Weapons
 a - a +1 dagger of draining (weapon)
 b - a +0 sling
 i - a +0 dagger
Missiles
 f - 21 stones (quivered)
 l - a boomerang
Armour
 d - a +0 robe (worn)
 e - a +0 buckler of protection (worn)
 k - a +0 pair of gloves (worn)
 n - a +0 cloak (worn)
 o - a +0 pair of boots (worn)
Jewellery
 m - a ring of protection from cold
 q - a ring of fire
 r - a ring of fire
Potions
 c - a potion of berserk rage
 g - 2 potions of lignification {unknown}
 h - 2 potions of curing {unknown}
 j - a potion of degeneration {unknown}
 p - 2 potions of might
 s - a potion of magic {unknown}


   Skills:
 + Level 4.9 Fighting
 + Level 1.8 Short Blades
 + Level 1.8 Long Blades
 + Level 1.8 Axes
 + Level 1.8 Maces & Flails
 + Level 1.8 Polearms
 + Level 1.8 Staves
 + Level 1.8 Ranged Weapons
 + Level 3.1 Throwing
 + Level 1.8 Armour
 + Level 1.8 Dodging
 + Level 3.0 Stealth
 + Level 6.8 Shields
 + Level 1.8 Unarmed Combat
 + Level 5.3 Spellcasting
 + Level 1.4 Conjurations
 + Level 1.4 Hexes
 + Level 1.4 Summonings
 + Level 1.4 Necromancy
 + Level 1.4 Translocations
 + Level 1.4 Transmutations
 + Level 1.4 Fire Magic
 + Level 2.5 Ice Magic
 + Level 1.4 Air Magic
 + Level 1.4 Earth Magic
 + Level 1.4 Poison Magic
 + Level 2.0 Invocations
 + Level 1.8 Evocations


You had 8 spell levels left.
You knew the following spells:

 Your Spells              Type           Power      Damage    Failure   Level
a - Freeze                Ice            40%        1d6       8%          1
b - Ensorcelled Hibernat  Hex/Ice        18%        N/A       14%         2
c - Ozocubu's Armour      Ice            10%        N/A       22%         3

Your spell library contained the following spells:

 Spells                   Type           Power      Damage    Failure   Level
 Spider Form              Tmut/Pois      7%         N/A       36%         3
 Anguish                  Hex/Necr       3%         N/A       77%         4


Dungeon Overview and Level Annotations

Branches:
Dungeon (4/15)
 Temple: D:4-7

Altars:
Okawaru
Zin


Innate Abilities, Weirdness & Mutations

You have very sharp teeth.
Your uncanny sense of smell can sniff out nearby items.
Your experience applies equally to all skills.


Message History

The orc priest hits you with a +0 whip. The adder bites you.
You are too injured to fight recklessly!
You are too injured to fight recklessly!
You are too injured to fight recklessly!
You are too injured to fight recklessly!
You are too injured to fight recklessly!
You are too injured to fight recklessly!
You are too injured to fight recklessly!
You are too injured to fight recklessly!
You are too injured to fight recklessly!
Casting: Ozocubu's Armour (quite dangerous; 22% risk of failure)
Confirm with . or Enter, or press ? or * to list all spells.
Okay, then.
Casting: Ozocubu's Armour (quite dangerous; 22% risk of failure)
Confirm with . or Enter, or press ? or * to list all spells.
The spell is quite dangerous to miscast (22% risk of failure)!
Continue anyway?
You miscast Ozocubu's Armour.
You are very lightly contaminated with residual magic.
Nothing appears to happen.
The adder barely misses you. You block the orc priest's attack.
The orc priest mumbles some strange prayers to Beogh against you.
Beogh smites you!
* * * LOW HITPOINT WARNING * * *
You aren't carrying any scrolls.
It was a potion of might.
You feel very mighty all of a sudden. The adder barely misses you.
The orc priest hits you but does no damage.
The orc priest barely misses you.
A red film seems to cover your vision as you go berserk!
You feel yourself moving faster!
You feel mighty! The adder bites you but does no damage.
The orc priest hits you with a +0 short sword.
* * * LOW HITPOINT WARNING * * *
The orc priest completely misses you.
You barely miss the orc priest. The adder closely misses you.
You hit the orc priest. You drain the orc priest.
You kill the orc priest!
The adder bites you.
You die...

........#.##..#
.......##.##..###
.(.
._.♣♣.###.##..#..
)... ♣♣♣.###
#.....#.# #....
### #.#####.#
....# #.#####.#
...#
#.....#.##J..#∆
.#####..#.#)g.[#
...........@o#
...###....#S##
#...##K# ∆
###...S# ∆∆
+.#... #...##
....# .... ....


You could see an orc priest, an adder, an endoplasm, a goblin, a ball python and
a kobold.

Vanquished Creatures
  A jelly (D:3)
  2 orc priests
  8 adders
  2 worms
  5 orcs
  4 ball pythons
  5 bats
  4 endoplasms
  2 giant cockroaches
  6 goblins
  8 hobgoblins
  12 jackals
  3 quokkas
  6 kobolds
  8 rats
76 creatures vanquished.

Notes
Turn   | Place    | Note
-------+----------+-------------------------------------------
     0 | D:1      | jtron the Gnoll Wanderer began the quest for the Orb.
     0 | D:1      | jtron set off with the following items: a +0 dagger, a +0
                  | cloak, a potion of berserk rage, a +0 robe, a +0 buckler of
                  | protection; and the following spell memorised: Freeze; and
                  | the following spells available to memorise: Ozocubu's
                  | Armour.
     0 | D:1      | Reached XP level 1. HP: 20/20 MP: 6/6
   242 | D:1      | Reached XP level 2. HP: 21/26 MP: 3/7
   416 | D:1      | Learned a level 2 spell: Ensorcelled Hibernation
   639 | D:1      | Reached skill level 5 in Spellcasting
   639 | D:1      | Reached XP level 3. HP: 30/31 MP: 7/9
   650 | D:1      | Learned a level 3 spell: Ozocubu's Armour
   854 | D:2      | Reached skill level 1 in Invocations
   922 | D:2      | Reached skill level 1 in Short Blades
   922 | D:2      | Reached skill level 1 in Long Blades
   922 | D:2      | Reached skill level 1 in Axes
   922 | D:2      | Reached skill level 1 in Maces & Flails
   922 | D:2      | Reached skill level 1 in Polearms
   922 | D:2      | Reached skill level 1 in Staves
   922 | D:2      | Reached skill level 1 in Ranged Weapons
   922 | D:2      | Reached skill level 1 in Armour
   922 | D:2      | Reached skill level 1 in Dodging
   922 | D:2      | Reached skill level 1 in Unarmed Combat
   922 | D:2      | Reached skill level 1 in Evocations
  1121 | D:2      | Reached XP level 4. HP: 28/38 MP: 11/11
  1373 | D:2      | Reached skill level 1 in Conjurations
  1373 | D:2      | Reached skill level 1 in Hexes
  1373 | D:2      | Reached skill level 1 in Summonings
  1373 | D:2      | Reached skill level 1 in Necromancy
  1373 | D:2      | Reached skill level 1 in Translocations
  1373 | D:2      | Reached skill level 1 in Transmutations
  1373 | D:2      | Reached skill level 1 in Fire Magic
  1373 | D:2      | Reached skill level 1 in Air Magic
  1373 | D:2      | Reached skill level 1 in Earth Magic
  1373 | D:2      | Reached skill level 1 in Poison Magic
  2094 | D:3      | Reached XP level 5. HP: 14/43 MP: 6/12
  3041 | D:3      | Found an iron altar of Okawaru.
  3315 | D:4      | Found a glowing silver altar of Zin.
  3495 | D:4      | HP: 3/64 [orc priest/+0 short sword (4)]
  3497 | D:4      | Slain by an adder

Illustrated notes

Levels and vault maps discovered:
D:1:      lemuel_arrival_room, layout_rooms
D:2:      layout_loops_ring, corexii_item_surrounded_by_moat,
          grunt_decor_clamped
D:3:      layout_basic, okawaru_gym_becter
D:4:      layout_basic, riverfiend_overflow_shadow_ancestor, zin_academy,
          nicolae_overflow_squiral, serial_corexii_hall, corexii_hall_statues_l,
          corexii_hall_statues_u, nicolae_ossuary_entry_plus,
          ebering_ghost_sewer_d, minmay_bent

Skill      XL: |  1  2  3  4  5 |
---------------+----------------+-----
Ice Magic      | 2 |  2.5
Spellcasting   | 5 |  5.3
Invocations    | 1 2 |  2.0
Short Blades   | 1 |  1.8
Long Blades    | 1 |  1.8
Axes           | 1 |  1.8
Maces & Flails | 1 |  1.8
Polearms       | 1 |  1.8
Staves         | 1 |  1.8
Ranged Weapons | 1 |  1.8
Armour         | 1 |  1.8
Dodging        | 1 |  1.8
Unarmed Combat | 1 |  1.8
Evocations     | 1 |  1.8
Conjurations   | 1 |  1.4
Hexes          | 1 |  1.4
Summonings     | 1 |  1.4
Necromancy     | 1 |  1.4
Translocations | 1 |  1.4
Transmutations | 1 |  1.4
Fire Magic     | 1 |  1.4
Air Magic      | 1 |  1.4
Earth Magic    | 1 |  1.4
Poison Magic   | 1 |  1.4
Throwing       | 3 |  3.1
Stealth        | 3 |  3.0
Fighting       | |  4.9
Shields        | |  6.8

Action                   |  1- 3 |  4- 6 || total
-------------------------+-------+-------++-------
Melee: Dagger            |   136 |   260 ||   396
       Bite              |    15 |    29 ||    44
Throw: Stone             |     9 |     6 ||    15
 Cast: Freeze            |    18 |     3 ||    21
       Ensorcelled Hiber |     1 |     1 ||     2
       Ozocubu's Armour  |       |     2 ||     2
  Use: Scroll            |     1 |     6 ||     7
       Potion            |       |     3 ||     3
 Stab: Sleeping          |     3 |     7 ||    10
Armor: Robe              |    44 |    90 ||   134
Dodge: Dodged            |    79 |   113 ||   192
Block: Buckler           |    42 |    62 ||   104
